AoeStats
← HerrFischer

Arabian Desert

510157334Analyzed
1v1 RM · 21h ago on Sep 29, 2026· 31m 42s· 2 players
Game mode
Random Map
Map size
Tiny (2 player)
Population
200
Speed
Normal
Resources
Standard
Victory
Conquest
Starting age
Dark Age
Ending age
Imperial Age
RankedLock teamsTeams togetherTeam positionsShared explorationLock speedFull tech treeHidden civsTurbo modeCheats
Victory
Defeat
🇩🇪 Persians · Germany
1198
+15
🇮🇪 Persians · Ireland
1166
-15
Vipechester
7:42 Loom
13:14 Feudal Age
15:17 Town Watch
18:48 Fletching
27:28 Castle Age
HerrFischer
7:50 Loom
10:13 Feudal Age
11:39 Double-Bit Axe
15:07 Fletching
16:06 Gold Mining
17:36 Padded Archer Armor
22:30 Town Watch
26:34 Wheelbarrow
29:11 Castle Age
27:17 Stone Mining
29:18 Bloodlines
29:01 Crossbowman
30:54 Horse Collar
Connection lost

Rejoining the realm…

Still unreachable

The connection could not be restored.

Session expired

The server has moved on; the page needs a fresh start.